 Dungeon Crawl Stone Soup version 0.28.0-53-g5a82cb258f (webtiles) character file.

Game seed: 11012209457974893193

49 DildoBatman the Conjurer (level 4, -1/28 (30) HPs)
             Began as a Formicid Conjurer on June 2, 2022.
             Slain by a ball python (2 damage)
             ... on level 4 of the Dungeon.
             The game lasted 00:02:52 (949 turns).

DildoBatman the Conjurer (Formicid Conjurer)         Turns: 949, Time: 00:02:53

HP:   -1/28 (30)    AC:  2    Str: 12    XL:     4   Next: 1%
MP:   7/7           EV:  9    Int: 17    God:
Gold: 70            SH:  0    Dex: 11    Spells: 4/7 levels left

rFire   . . .      SeeInvis +   b - +0 hunting sling
rCold   . . .      Faith    .   (no shield)
rNeg    . . .      Spirit   .   d - +0 robe
rPois   .          Reflect  .   (helmet unavailable)
rElec   .          Harm     .   (no cloak)
rCorr   .          Rampage  .   (no gloves)
Will    .....                   (no boots)
Stlth   ++........              (no amulet)
HPRegen 0.09/turn               (no ring)
MPRegen 0.10/turn               (no ring)

@: constricted, drained
A: permanent stasis, dig shafts and tunnels, antennae 3, four strong arms
a: Dig, Shaft Self


You were on level 4 of the Dungeon.
You visited 1 branch of the dungeon, and saw 3 of its levels.

You collected 70 gold pieces.

Inventory:

Hand Weapons
 a - the +2 mace "Orb Guardian's Doom" {vorpal, Dex+2}
   (You found it on level 2 of the Dungeon)

   It inflicts extra damage upon your enemies.
   Dex:       It affects your dexterity (+2).
 b - a +0 hunting sling (weapon)
Missiles
 g - 9 poisoned darts
 i - 2 javelins
 j - 21 sling bullets
 k - 46 stones (quivered ammo)
Armour
 d - a +0 robe (worn)
Jewellery
 h - a ring of fire
Scrolls
 e - a scroll of magic mapping {unknown}
 f - a scroll of noise {unknown}


   Skills:
 - Level 1.7 Dodging
 - Level 2.4 Stealth
 - Level 2.1 Spellcasting
 * Level 4.8 Conjurations


You had 4 spell levels left.
You knew the following spells:

 Your Spells              Type           Power      Damage    Failure   Level
a - Searing Ray           Conj           36%        2d5       3%          2
c - Magic Dart            Conj           72%        1d6       2%          1

Your spell library contained the following spells:

 Spells                   Type           Power      Damage    Failure   Level
 Dazzling Flash           Conj/Hex       20%        N/A       22%         3
 Fulminant Prism          Conj/Hex       5%         3d7       56%         4
 Iskenderun's Mystic Bla  Conj/Tloc      10%        2d4       56%         4


Dungeon Overview and Level Annotations

Branches:
Dungeon (2/15)

Altars:
Fedhas
Xom

Shops:
D:2 [


Innate Abilities, Weirdness & Mutations

You cannot be hasted, slowed, berserked, paralysed or teleported.
You can dig through walls and to a lower floor.
You have a pair of large antennae on your head. (SInv)
Your four strong arms can wield two-handed weapons with a shield.


Message History

What are your orders? t - Shout!
Orders for allies: a - Attack new target. r - Retreat! s - Stop attacking. g - Guard the area. f - Follow me.
Anything else - Cancel.
You shout for attention!
The ball python closely misses you.
The ball python bites you but does no damage.
The ball python constricts you. What are your orders? t - Shout!
Orders for allies: a - Attack new target. r - Retreat! s - Stop attacking. g - Guard the area. f - Follow me.
Anything else - Cancel.
You shout for attention!
The ball python closely misses you. The ball python bites you.
The ball python constricts you. What are your orders? t - Shout!
Orders for allies: a - Attack new target. r - Retreat! s - Stop attacking. g - Guard the area. f - Follow me.
Anything else - Cancel.
You shout for attention!
The ball python closely misses you. The ball python bites you.
The ball python constricts you. The ball python closely misses you.
What are your orders? t - Shout!
Orders for allies: a - Attack new target. r - Retreat! s - Stop attacking. g - Guard the area. f - Follow me.
Anything else - Cancel.
You shout for attention!
The ball python bites you.
You die...

..# # ...#
.. #..
#$){{ #..
########.#
.?....⌠#.#
._.._..#S#
..$...⌠@.#
.......#S#
########.#
..# ##.#
..# ### {


You could see 2 ball pythons.

Vanquished Creatures
  An adder (D:2)
  A dart slug (D:1)
  3 bats
  7 endoplasms
  2 giant cockroaches (D:1)
  3 goblins (D:1)
  6 hobgoblins
  3 kobolds
  6 rats
32 creatures vanquished.

Notes
Turn   | Place    | Note
-------+----------+-------------------------------------------
     0 | D:1      | DildoBatman the Formicid Conjurer began the quest for the
                  | Orb.
     0 | D:1      | Reached XP level 1. HP: 13/13 MP: 3/3
   183 | D:1      | Found a faded altar of an unknown god.
   190 | D:1      | Reached skill level 4 in Conjurations
   190 | D:1      | Reached XP level 2. HP: 18/19 MP: 1/5
   193 | D:1      | Learned a level 2 spell: Searing Ray
   386 | D:1      | Reached XP level 3. HP: 19/24 MP: 3/6
   754 | D:2      | Found Otecwiytuth's Antique Armour Shop.
   872 | D:2      | Identified the +2 mace "Orb Guardian's Doom" {vorpal,
                  | Dex+2}
   913 | D:2      | Reached XP level 4. HP: 28/28 MP: 5/7
   915 | D:2      | You fall into a shaft and drop 2 floors!
   920 | D:4      | Found a shimmering altar of Xom.
   920 | D:4      | Found a blossoming altar of Fedhas.
   948 | D:4      | HP: 1/28 [ball python (1)]
   949 | D:4      | Slain by a ball python

Illustrated notes

Levels and vault maps discovered:
D:1:      erik_arrival_orb_chamber, layout_rooms,
          shapermc_ecumenical_altar_starsandcircs
D:2:      layout_basic, basic_altar, serial_shops, nicolae_shop_stone,
          kennysheep_nondescript, due_unseen_surprise
D:4:      layout_loops_ring, ashenzari_altar_1, jmf_multi_god_temple,
          grunt_tough_drop

Skill      XL: |  1 |
---------------+----+-----
Conjurations   | 4 |  4.8
Dodging        | |  1.7
Stealth        | |  2.4
Spellcasting   | |  2.1

Action                   |  1- 3 |  4- 6 || total
-------------------------+-------+-------++-------
Melee: Mace              |    42 |       ||    42
       Glaive            |     1 |       ||     1
 Fire: Hunting sling     |     3 |       ||     3
 Cast: Magic Dart        |    22 |       ||    22
       Searing Ray       |     4 |       ||     4
 Abil: Dig               |     1 |       ||     1
       Shaft Self        |       |     1 ||     1
Armor: Robe              |    13 |    10 ||    23
Dodge: Dodged            |    33 |    29 ||    62
